 Dungeon Sprint DCSS version 0.17.1-3-g152610e (webtiles) character file.

275 Kokonut the Jinx (level 6, -2/28 HPs)
             Began as a Spriggan Enchanter on Mar 5, 2016.
             Slain by a slime creature (15 damage)
             ... in the Dungeon (Sprint I: "Red Sonja").
             The game lasted 00:00:59 (194 turns).

Kokonut the Jinx (Spriggan Enchanter)                Turns: 194, Time: 00:00:59

Health: -2/28      AC:  3    Str:  4    XL:     6   Next: 3%
Magic:  13/15      EV: 18    Int: 18    God:
Gold:   162        SH:  0    Dex: 17    Spells: 4 memorised, 7 levels left

rFire  . . .     SeeInvis +     a - +1 dagger
rCold  . . .     Clarity  .     b - +1 robe
rNeg   . . .     SustAt   .     (shield restricted)
rPois  .         Gourm    .     (helmet restricted)
rElec  .         Spirit   .     (no cloak)
rCorr  .         Warding  .     (gloves unavailable)
rMut   .         NoTele   +     (boots unavailable)
MR     +....                    (no amulet)
Stlth  ++++++....               (no ring)
                                (no ring)

@: very slightly contaminated, very quick, somewhat resistant to hostile
enchantments, very stealthy
A: unfitting armour, see invisible, herbivore 3, speed 3, slow metabolism 2
a: no special abilities


You were in the Dungeon.
You were not hungry.

You visited 1 branch You collected 162 gold pieces.

Inventory:

Hand Weapons
 a - a +1 dagger (weapon)
Armour
 b - a +1 robe (worn)
Scrolls
 j - a scroll of blinking
Potions
 e - a potion of curing
 f - a potion of heal wounds
 g - a potion of haste
 h - 2 potions of magic
 i - a potion of berserk rage
Books
 c - a book of Maledictions

   Spells                             Type                      Level
   a - Corona                         Hexes                        1
   b - Ensorcelled Hibernation        Hexes/Ice                    2
   c - Confuse                        Hexes                        3
   d - Tukima's Dance                 Hexes                        3
   e - Dazzling Spray                 Conjuration/Hexes            3
Comestibles
 d - a bread ration


   Skills:
 - Level 1.1 Short Blades
 - Level 3.0 Dodging
 + Level 11.3 Stealth
 + Level 5.5 Spellcasting
 * Level 11.9 Hexes


You had 7 spell levels left.
You knew the following spells:

 Your Spells              Type           Power        Failure   Level  Hunger
a - Corona                Hex            #####..      1%          1    None
b - Ensorcelled Hibernat  Hex/Ice        ####..       1%          2    None
c - Confuse               Hex            #####...     1%          3    ##.....
d - Dazzling Spray        Conj/Hex       ####....     3%          3    ##.....


Dungeon Overview and Level Annotations

Branches:
Dungeon (1/1)

Altars:
Cheibriados
Dithmenos
Fedhas
Jiyva


Innate Abilities, Weirdness & Mutations

You are tiny and cannot use many weapons and most armour.
You have supernaturally acute eyesight.
You are a herbivore.
You cover ground extremely quickly.
You need consume almost no food.


Message History

You open the door.
A slime creature comes into view.
Found four altars.
There is an open door here.
The helpless slime creature fails to defend itself.
You skewer the slime creature like a kebab!!!
The slime creature is severely wounded.
The slime creature hits you!
Ouch! That really hurt!
Casting: Ensorcelled Hibernation
Confirm with . or Enter, or press ? or * to list all spells.
Aiming: Ensorcelled Hibernation
Press: ? - help, Shift-Dir - straight line, f - slime creature
Aim: a slime creature (severely wounded, chance to defeat MR: 37%)
You miscast Ensorcelled Hibernation.
You are very lightly contaminated with residual magic.
You hear an indistinct dissonance whispering inside your mind.
The slime creature hits you!
Ouch! That really hurt!
You die...

###################
#<.#.['..#..'..#__#
#..'..#.)').#..'@J+
#..#####'#####+#__#
#..# #..# #### #..#
#### #..# #⌠⌠# ####


You could see a slime creature.

Vanquished Creatures
  Sigmund (D)
  An ogre (D)
  Ijyb (D)
3 creatures vanquished.

Notes
Turn   | Place    | Note
--------------------------------------------------------------
     0 | D        | Kokonut the Spriggan Enchanter began the quest for the Orb.
     0 | D        | Reached XP level 1. HP: 9/9 MP: 5/5
     1 | D        | Noticed Ijyb
    14 | D        | Killed Ijyb
    14 | D        | Reached skill level 6 in Stealth
    14 | D        | Reached XP level 2. HP: 10/13 MP: 6/6
    19 | D        | Learned a level 2 spell: Ensorcelled Hibernation
    82 | D        | Noticed an ogre
    87 | D        | Killed an ogre
    87 | D        | Reached skill level 9 in Stealth
    87 | D        | Reached XP level 3. HP: 16/16 MP: 5/8
    87 | D        | Reached XP level 4. HP: 21/21 MP: 5/9
   101 | D        | Learned a level 3 spell: Confuse
   101 | D        | Noticed Sigmund
   104 | D        | Killed Sigmund
   104 | D        | Reached skill level 11 in Stealth
   104 | D        | Reached skill level 5 in Spellcasting
   104 | D        | Reached XP level 5. HP: 24/24 MP: 4/14
   104 | D        | Reached XP level 6. HP: 28/28 MP: 4/15
   109 | D        | Learned a level 3 spell: Dazzling Spray
   190 | D        | Found a snail-covered altar of Cheibriados.
   190 | D        | Found a viscous altar of Jiyva.
   190 | D        | Found a shadowy altar of Dithmenos.
   190 | D        | Found a blossoming altar of Fedhas.
   190 | D        | Noticed a slime creature
   194 | D        | Slain by a slime creature

Action                   |  1- 3 |  4- 6 || total
-------------------------+-------+-------++-------
Melee: Dagger            |    13 |     2 ||    15
 Cast: Ensorcelled Hiber |     1 |     1 ||     2
 Stab: Sleeping          |     3 |     2 ||     5
